 Dungeon Crawl Stone Soup version 0.30-b1-2-g02819fbbbe (webtiles) character file.

Game seed: 3622359414602638712

84 magipi the Digger (level 4, -5/24 HPs)
             Began as a Gargoyle Earth Elementalist on June 2, 2023.
             Slain by Sigmund
             ... wielding a +2 scythe of protection
              (8 damage)
             ... on level 3 of the Dungeon.
             The game lasted 00:07:16 (2074 turns).

magipi the Digger (Gargoyle Earth Elementalist)     Turns: 2074, Time: 00:07:17

Health: -5/24      AC:  7    Str: 11    XL:     4   Next: 45%
Magic:  0/8        EV: 11    Int: 18    God:
Gold:   76         SH:  0    Dex: 10    Spells: 2/8 levels left

rFire   . . .        a - +1 dagger (venom)
rCold   . . .        (no shield)
rNeg    + . .        c - +0 robe
rPois   ∞            i - +0 helmet
rElec   +            e - +0 cloak
rCorr   .            (no gloves)
SInv    .            (no boots)
Will    +....        (no amulet)
Stlth   ++           m - ring of willpower
HPRegen 0.24/turn    (no ring)
MPRegen 0.11/turn

%: no passive effects
@: no status effects
A: sickness immunity, AC +3, negative energy resistance 1, electricity
resistance, torment resistance 1, petrification resistance
a: no special abilities


You were on level 3 of the Dungeon.
You visited 1 branch of the dungeon, and saw 3 of its levels.

You collected 76 gold pieces.

Inventory:

Hand Weapons
 a - a +1 dagger of venom (weapon)
   (You found it on level 2 of the Dungeon)
Armour
 c - a +0 robe (worn)
 e - a +0 cloak (worn)
   (You found it on level 1 of the Dungeon)
 i - a +0 helmet (worn)
   (You took it off Robin on level 2 of the Dungeon)
Jewellery
 m - a ring of willpower (left hand)
   (You found it on level 2 of the Dungeon)
Scrolls
 d - 5 scrolls of identify {unknown}
 g - a scroll of blinking {unknown}
 k - 3 scrolls of enchant armour {unknown}
 l - a scroll of amnesia {unknown}
 n - 3 scrolls of teleportation {unknown}
 o - a scroll of vulnerability {unknown}
 p - a scroll of poison {unknown}
Potions
 b - a potion of magic
 f - 6 potions of flight {unknown}
 h - a potion of resistance {unknown}
 j - a potion of brilliance {unknown}


   Skills:
 - Level 1.5 Dodging
 - Level 2.1 Stealth
 + Level 2.7 Spellcasting
 * Level 1.7 Conjurations
 + Level 1.7 Transmutations
 + Level 4.4 Earth Magic


You had 2 spell levels left.
You knew the following spells:

 Your Spells              Type           Power      Damage    Failure   Level
e - Sandblast             Erth           36%        2d10      2%          1
s - Stone Arrow           Conj/Erth      26%        3d8       14%         3
w - Passwall              Tmut/Erth      10%        N/A       7%          2

Your spell library contained the following spells:

 Spells                   Type           Power      Damage    Failure   Level
 Necrotise                Necr           8%         1d4       17%         1
 Dazzling Flash           Conj/Hex       10%        N/A       34%         3
 Petrify                  Tmut/Erth      13%        N/A       43%         4
 Ozocubu's Armour         Ice            2%         N/A       45%         3
 Vampiric Draining        Necr           2%         2d6       45%         3
 Volatile Blastmotes      Fire/Tloc      4%         2d10      45%         3
 Iskenderun's Mystic Bla  Conj/Tloc      5%         2d3       75%         4
 Agony                    Necr           2%         N/A       99%         5
 Starburst                Conj/Fire      2%         6d3       100%        6
 Ozocubu's Refrigeration  Ice            1%         4d7       100%        7


Dungeon Overview and Level Annotations

Branches:
Dungeon (3/15)

Altars:
Sif Muna

Annotations:
D:3 Sigmund


Innate Abilities, Weirdness & Mutations

You are immune to sickness and miasma.
Your stone body is resilient. (AC +3)
You are immune to poison.
You resist negative energy. (rN+)
You are resistant to electric shocks. (rElec)
You are resistant to unholy torment.
You are immune to petrification.


Message History

Press: ? - help, Shift-Dir - straight line Something hits you but does no damage.
Unknown command.
Casting: Sandblast (safe; 2% risk of failure)
Confirm with . or Enter, or press ? or * to list all spells.
Aiming: Sandblast (safe; 2% risk of failure)
Press: ? - help, Shift-Dir - straight line Something hits you.
Unknown command.
Unknown command.
Casting: Sandblast (safe; 2% risk of failure)
Confirm with . or Enter, or press ? or * to list all spells.
Aiming: Sandblast (safe; 2% risk of failure)
Press: ? - help, Shift-Dir - straight line Something hits you.
Unknown command.
Casting: Sandblast (safe; 2% risk of failure)
Confirm with . or Enter, or press ? or * to list all spells.
Aiming: Sandblast (safe; 2% risk of failure)
Press: ? - help, Shift-Dir - straight line The blast of sand hits something but does no damage.
Something hits you.
Unknown command.
Casting: Sandblast (safe; 2% risk of failure)
Confirm with . or Enter, or press ? or * to list all spells.
Aiming: Sandblast (safe; 2% risk of failure)
Press: ? - help, Shift-Dir - straight line Something barely misses you.
Unknown command.
Found a runed iron wand.
Something hits you.
You miss something. Something hits you.
You closely miss something. You barely miss something.
You hear some strange, mumbled words.
A magic dart appears from out of thin air!
The magic dart hits you.
You hit something but do no damage. Something hits you.
* * * LOW HITPOINT WARNING * * *
You hit something but do no damage. Something hits you!
You die...

############### ..............#
#############.# #.# ## #.#
#########.
#############.##########........<
..........$.....@{...../.####''##
.....########.############.......
...........##.# ##........
..........[##.# ##.........
..#.......)...# ##..........
#..........#### ##...........
##.........# #.........)..
###....##### #............
#.##.....#### #........[[..


There were no monsters in sight!

Vanquished Creatures
  Robin (D:2)
  2 worms (D:2)
  2 dart slugs (D:1)
  6 bats
  4 endoplasms
  4 giant cockroaches (D:1)
  12 goblins
  5 hobgoblins
  6 kobolds
  3 quokkas
  6 ball pythons
  2 frilled lizards
  3 rats
56 creatures vanquished.

Notes
Turn   | Place    | Note
-------+----------+-------------------------------------------
     0 | D:1      | magipi the Gargoyle Earth Elementalist began the quest for
                  | the Orb.
     0 | D:1      | Reached XP level 1. HP: 10/10 MP: 3/3
   149 | D:1      | Reached skill level 1 in Transmutations
   249 | D:1      | Reached XP level 2. HP: 15/15 MP: 1/5
   279 | D:1      | Learned a level 2 spell: Passwall
   339 | D:1      | Reached skill level 4 in Earth Magic
   580 | D:2      | Found a faded altar of an unknown god.
   583 | D:2      | Reached XP level 3. HP: 19/19 MP: 4/6
   587 | D:2      | Learned a level 3 spell: Stone Arrow
   697 | D:2      | Noticed Robin
   775 | D:2      | Killed Robin
   776 | D:2      | Reached skill level 1 in Conjurations
   979 | D:2      | Reached XP level 4. HP: 24/24 MP: 5/7
  1099 | D:2      | Found a shimmering blue altar of Sif Muna.
  2059 | D:3      | Noticed Sigmund
  2074 | D:3      | Slain by Sigmund

Illustrated notes

Levels and vault maps discovered:
D:1:      dpeg_arrival_water_temple_mockup, layout_basic, minmay_pentomino_t2
D:2:      layout_basic, basic_altar, ebering_ecumenical_altar_mist, uniq_robin
D:3:      kennysheep_big_flooded_room, layout_basic, zin_statuary,
          feat_on_display, uniq_sigmund

Skill      XL: |  1  2  3 |
---------------+----------+-----
Transmutations | 1 |  1.7
Earth Magic    | 4 |  4.4
Conjurations   | 1 |  1.7
Dodging        | |  1.5
Stealth        | |  2.1
Spellcasting   | |  2.7

Action                     |  1- 3 |  4- 6 || total
---------------------------+-------+-------++-------
  Melee: Dagger            |     4 |    16 ||    20
   Cast: Sandblast         |    42 |    34 ||    76
         Passwall          |     1 |       ||     1
         Stone Arrow       |       |     1 ||     1
   Stab: Sleeping          |     2 |     1 ||     3
 Armour: Robe              |     4 |    11 ||    15
  Dodge: Dodged            |    16 |    16 ||    32

Action                     |  1- 3 |  4- 6 || total
---------------------------+-------+-------++-------
  Melee: Dagger            |     4 |    16 ||    20
   Cast: Sandblast         |    42 |    34 ||    76
         Passwall          |     1 |       ||     1
         Stone Arrow       |       |     1 ||     1
   Stab: Sleeping          |     2 |     1 ||     3
 Armour: Robe              |     4 |    11 ||    15
  Dodge: Dodged            |    16 |    16 ||    32
